GLBL
OWEN SOUND WAVERIDERS @ THUNDER BAY CARIBOU
05/16/2049
 
TOP OF THE 1ST
Owen Sound Waveriders batting - Pitching for Thunder Bay Caribou : RHP Carlos Moreno
Pitching: RHP Carlos Moreno
Batting: LHB Curt Keddy 0-0: Ball
1-0: Ground out 6-3 (Groundball, P, EV 87.5 MPH)
Batting: RHB Benjamin Turley 0-0: Called Strike
0-1: Ball
1-1: Ground out 4-3 (Groundball, 4, EV 110.0 MPH)
Batting: LHB Jake Teare 0-0: Called Strike
0-1: Ground out 6-3 (Groundball, 4, EV 90.0 MPH)
Top of the 1st over - 0 runs, 0 hits, 0 errors, 0 left on base; Owen Sound 0 - Thunder Bay 0
BOTTOM OF THE 1ST
Thunder Bay Caribou batting - Pitching for Owen Sound Waveriders : LHP Marc Rowsell
Pitching: LHP Marc Rowsell
Batting: RHB Erik Pryor 0-0: Ball
1-0: Fly out, F7 (Flyball, 7, EV 80.0 MPH)
Batting: RHB Gustavo Gómez 0-0: Called Strike
0-1: Foul Ball, location: 9LSF
0-2: Ground out 4-3 (Groundball, 4, EV 88.8 MPH)
Batting: LHB Jamal Amador 0-0: Swinging Strike
0-1: Foul Ball, location: 3FF
0-2: Strikes out swinging
Bottom of the 1st over - 0 runs, 0 hits, 0 errors, 0 left on base; Owen Sound 0 - Thunder Bay 0
TOP OF THE 2ND
Owen Sound Waveriders batting - Pitching for Thunder Bay Caribou : RHP Carlos Moreno
Batting: LHB Freddy Leggett 0-0: Foul Ball, location: 7LSF
0-1: Ball
1-1: Ball
2-1: Fly out, F8 (Flyball, 89M, EV 95.0 MPH)
Batting: LHB Mark Matchim 0-0: Called Strike
0-1: SINGLE (Line Drive, 4D, EV 100.6 MPH)
Batting: RHB Pierre Amar 0-0: Fly out, F8 (Flyball, 78M, EV 84.4 MPH)
Batting: LHB Guo-quiang Lee 0-0: Fielders Choice at 2nd, U6 (Groundball, 6M, EV 82.5 MPH)
Top of the 2nd over - 0 runs, 1 hit, 0 errors, 1 left on base; Owen Sound 0 - Thunder Bay 0
BOTTOM OF THE 2ND
Thunder Bay Caribou batting - Pitching for Owen Sound Waveriders : LHP Marc Rowsell
Batting: RHB Romain Lemaire 0-0: Ball
1-0: Ball
2-0: SINGLE (Flyball, 34D, EV 88.8 MPH)
Batting: RHB Ansu Eknath 0-0: Ball
1-0: Called Strike
1-1: Ball
2-1: Foul Ball, location: 3SF
2-2: Strikes out swinging
Batting: RHB Julien Joubert 0-0: Ball
1-0: Ball
2-0: Called Strike
2-1: Swinging Strike
2-2: DOUBLE (Flyball, 89D, EV 105.0 MPH)
Romain Lemaire to third
Runner from 3rd tries for Home, SAFE, no throw by RF
Batting: RHB Joe Rodgers 0-0: Called Strike
0-1: Called Strike
0-2: Ball
1-2: Ball
2-2: Foul Ball, location: 2F
2-2: Strikes out swinging
Batting: RHB Mark Lynch 0-0: Ball
1-0: Called Strike
1-1: Fly out, F4 (Popup, 4M, EV 43.8 MPH)
Bottom of the 2nd over - 1 run, 2 hits, 0 errors, 1 left on base; Owen Sound 0 - Thunder Bay 1
TOP OF THE 3RD
Owen Sound Waveriders batting - Pitching for Thunder Bay Caribou : RHP Carlos Moreno
Batting: RHB Freddie Franklin 0-0: Called Strike
0-1: Ball
1-1: Ball
2-1: Called Strike
2-2: Ground out 6-3 (Groundball, 6, EV 90.6 MPH)
Batting: LHB Marc Rowsell 0-0: Called Strike
0-1: Called Strike
0-2: Strikes out swinging
Batting: LHB Curt Keddy 0-0: Called Strike
0-1: Ball
1-1: Foul Ball, location: 2F
1-2: Ground out 5-3 (Groundball, 56, EV 88.1 MPH)
Top of the 3rd over - 0 runs, 0 hits, 0 errors, 0 left on base; Owen Sound 0 - Thunder Bay 1
BOTTOM OF THE 3RD
Thunder Bay Caribou batting - Pitching for Owen Sound Waveriders : LHP Marc Rowsell
Batting: RHB Carlos Moreno 0-0: Ball
1-0: Called Strike
1-1: Ball
2-1: Fly out, F8 (Flyball, 78M, EV 91.9 MPH)
Batting: RHB Erik Pryor 0-0: Ball
1-0: Fly out, F8 (Flyball, 8RXD, EV 91.9 MPH)
Batting: RHB Gustavo Gómez 0-0: Ball
1-0: Foul Ball, location: 2F
1-1: Foul Ball, location: 2F
1-2: Foul Ball, location: 5DF
1-2: Strikes out swinging
Bottom of the 3rd over - 0 runs, 0 hits, 0 errors, 0 left on base; Owen Sound 0 - Thunder Bay 1
TOP OF THE 4TH
Owen Sound Waveriders batting - Pitching for Thunder Bay Caribou : RHP Carlos Moreno
Batting: RHB Benjamin Turley 0-0: Ball
1-0: Swinging Strike
1-1: SINGLE (Line Drive, 56D, EV 95.0 MPH)
Batting: LHB Jake Teare 0-0: Ball
1-0: SINGLE (Groundball, 4D, EV 99.4 MPH)
Benjamin Turley to second
Batting: LHB Freddy Leggett 0-0: Called Strike
0-1: Called Strike
0-2: 3-RUN HOME RUN (Flyball, 89XD, EV 96.3 MPH), Distance : 395 ft
Batting: LHB Mark Matchim 0-0: Called Strike
0-1: Ball
1-1: SINGLE (Groundball, 34D, EV 102.5 MPH)
Batting: RHB Pierre Amar 0-0: Called Strike
0-1: Sac Bunt to 23 - play at first, batter OUT! 3-4
Mark Matchim to second
Batting: LHB Guo-quiang Lee 0-0: Called Strike
0-1: Ball
1-1: Ball
2-1: Ball
3-1: Ground out 4-3 (Groundball, 4S, EV 83.1 MPH)
Mark Matchim to third
Batting: RHB Freddie Franklin 0-0: Called Strike
0-1: Ball
1-1: Ball
2-1: Swinging Strike
2-2: Ball
3-2: SINGLE (Line Drive, 7S, EV 94.4 MPH)
Mark Matchim scores
Batting: LHB Marc Rowsell 0-0: Foul Ball, location: 25F
0-1: DOUBLE (Line Drive, 7LS, EV 103.8 MPH)
Freddie Franklin to third
Batting: LHB Curt Keddy 0-0: Ball
1-0: Fly out, F9 (Line Drive, 89D, EV 85.6 MPH)
Top of the 4th over - 4 runs, 6 hits, 0 errors, 2 left on base; Owen Sound 4 - Thunder Bay 1
BOTTOM OF THE 4TH
Thunder Bay Caribou batting - Pitching for Owen Sound Waveriders : LHP Marc Rowsell
Batting: LHB Jamal Amador 0-0: Ground out U3 (Groundball, 3, EV 88.8 MPH)
Batting: RHB Romain Lemaire 0-0: Ball
1-0: SINGLE (Flyball, 4D, EV 84.4 MPH)
Batting: RHB Ansu Eknath 0-0: Ball
1-0: Ball
2-0: DOUBLE (Flyball, 78XD, EV 95.0 MPH)
Romain Lemaire to third
Runner from 3rd tries for Home, SAFE, throw by LF to home
Batting: RHB Julien Joubert 0-0: Called Strike
0-1: Foul Ball, location: 2F
0-2: Ball
1-2: Ball
2-2: Ball
3-2: Base on Balls
Batting: RHB Joe Rodgers 0-0: Called Strike
0-1: Ball
1-1: Fly out, F7 (Line Drive, 7, EV 88.1 MPH)
Batting: RHB Mark Lynch 0-0: Ball
1-0: Called Strike
1-1: Foul Ball, location: 23F
1-2: Strikes out swinging
Bottom of the 4th over - 1 run, 2 hits, 0 errors, 2 left on base; Owen Sound 4 - Thunder Bay 2
TOP OF THE 5TH
Owen Sound Waveriders batting - Pitching for Thunder Bay Caribou : RHP Carlos Moreno
Pitching: RHP Brian Walsh
Batting: RHB Benjamin Turley 0-0: Fly out, F8 (Flyball, 8RD, EV 81.3 MPH)
Batting: LHB Jake Teare 0-0: Foul Ball, location: 9LMF
0-1: Ball
1-1: Foul Ball, location: 2F
1-2: Ball
2-2: Ball
3-2: Foul Ball, location: 23F
3-2: Fly out, F7 (Flyball, 7S, EV 96.3 MPH)
Batting: LHB Freddy Leggett 0-0: Ball
1-0: Ball
2-0: Ball
3-0: Base on Balls
Batting: LHB Mark Matchim 0-0: Ball
1-0: Called Strike
1-1: Foul Ball, location: 23F
1-2: Fly out, F9 (Flyball, 9S, EV 90.6 MPH)
Top of the 5th over - 0 runs, 0 hits, 0 errors, 1 left on base; Owen Sound 4 - Thunder Bay 2
BOTTOM OF THE 5TH
Thunder Bay Caribou batting - Pitching for Owen Sound Waveriders : LHP Marc Rowsell
Batting: RHB Brian Walsh 0-0: Ball
1-0: Called Strike
1-1: Ball
2-1: Swinging Strike
2-2: Strikes out swinging
Batting: RHB Erik Pryor 0-0: Called Strike
0-1: Called Strike
0-2: Foul Ball, location: 5FF
0-2: Foul Ball, location: 9LSF
0-2: Foul Ball, location: 2F
0-2: Ball
1-2: Ground out 6-3 (Groundball, 56, EV 100.6 MPH)
Batting: RHB Gustavo Gómez 0-0: Called Strike
0-1: Foul Ball, location: 3FF
0-2: Strikes out swinging
Bottom of the 5th over - 0 runs, 0 hits, 0 errors, 0 left on base; Owen Sound 4 - Thunder Bay 2
TOP OF THE 6TH
Owen Sound Waveriders batting - Pitching for Thunder Bay Caribou : RHP Brian Walsh
Batting: RHB Pierre Amar 0-0: Ground out 5-3 (Groundball, 56S, EV 83.1 MPH)
Batting: LHB Guo-quiang Lee 0-0: Called Strike
0-1: Ball
1-1: Ball
2-1: Fly out, F7 (Flyball, 7D, EV 103.8 MPH)
Batting: RHB Freddie Franklin 0-0: Called Strike
0-1: Called Strike
0-2: Foul Ball, location: 9LDF
0-2: Strikes out looking
Top of the 6th over - 0 runs, 0 hits, 0 errors, 0 left on base; Owen Sound 4 - Thunder Bay 2
BOTTOM OF THE 6TH
Thunder Bay Caribou batting - Pitching for Owen Sound Waveriders : LHP Marc Rowsell
Batting: LHB Jamal Amador 0-0: Ball
1-0: Ball
2-0: Foul Ball, location: 7LSF
2-1: Fly out, F9 (Line Drive, 9S, EV 106.3 MPH)
Batting: RHB Romain Lemaire 0-0: Ball
1-0: Called Strike
1-1: Called Strike
1-2: Fly out, F8 (Flyball, 8RD, EV 81.3 MPH)
Batting: RHB Ansu Eknath 0-0: Called Strike
0-1: Foul Ball, location: 2F
0-2: Ball
1-2: Ball
2-2: Foul Ball, location: 9LDF
2-2: Ball
3-2: SINGLE (Line Drive, 56D, EV 106.3 MPH)
Pitching: RHP Rich Quick
Now in LF: Patrick Conner
Batting: RHB Julien Joubert 0-0: Foul Ball, location: 3DF
0-1: Ball
1-1: Called Strike
1-2: SINGLE (Groundball, 34D, EV 96.3 MPH)
Ansu Eknath to second
Runner from 2nd tries for 3rd, SAFE, throw by RF made to third
Batting: RHB Joe Rodgers 0-0: Called Strike
0-1: Ball
1-1: Ground out 5-3 (Groundball, 56S, EV 85.6 MPH)
Bottom of the 6th over - 0 runs, 2 hits, 0 errors, 2 left on base; Owen Sound 4 - Thunder Bay 2
TOP OF THE 7TH
Owen Sound Waveriders batting - Pitching for Thunder Bay Caribou : RHP Brian Walsh
Pitching: RHP Robin Bates
Now at 3B: Dave Norman
Batting: LHB Patrick Conner 0-0: Swinging Strike
0-1: Ball
1-1: Ball
2-1: Ball
3-1: Base on Balls
Batting: LHB Curt Keddy 0-0: Ball
1-0: Called Strike
1-1: Ball
2-1: Bunt missed!
2-2: Grounds out, U3 (Groundball, 3L, EV 83.1 MPH)
Batting: RHB Benjamin Turley 0-0: Called Strike
0-1: Foul Ball, location: 25F
0-2: Strikes out swinging
Batting: LHB Jake Teare 0-0: Swinging Strike
0-1: Ball
1-1: Fly out, F4 (Popup, 4D, EV 58.8 MPH)
Top of the 7th over - 0 runs, 0 hits, 0 errors, 1 left on base; Owen Sound 4 - Thunder Bay 2
BOTTOM OF THE 7TH
Thunder Bay Caribou batting - Pitching for Owen Sound Waveriders : RHP Rich Quick
Batting: RHB Mark Lynch 0-0: Ball
1-0: Ball
2-0: Ball
3-0: Base on Balls
Pinch Hitting: LHB Elton Anderson 0-0: Ball
1-0: 2-RUN HOME RUN (Flyball, 8LXD, EV 108.1 MPH), Distance : 427 ft
Batting: RHB Erik Pryor 0-0: DOUBLE (Line Drive, 8RXD, EV 96.3 MPH)
Batting: RHB Gustavo Gómez 0-0: Ball
1-0: Foul Ball, location: 5SF
1-1: Swinging Strike
1-2: Fly out, F4 (Popup, 34D, EV 72.5 MPH)
Batting: LHB Jamal Amador 0-0: Intentional Walk
Pinch Hitting: LHB Wade Hepburn 0-0: Called Strike
0-1: Foul Ball, location: 2F
0-2: SINGLE (Line Drive, 56, EV 98.1 MPH)
Erik Pryor to third
Jamal Amador to second
Runner from 3rd tries for Home, SAFE, throw by LF to home
Batting: RHB Ansu Eknath 0-0: Ball
1-0: Fielders Choice at 2nd, 6-4 (Groundball, 6, EV 86.9 MPH)
Jamal Amador to third
Batting: RHB Julien Joubert 0-0: Ball
1-0: Ball
2-0: Called Strike
2-1: Swinging Strike
2-2: Ball
3-2: Foul Ball, location: 9LDF
3-2: Base on Balls
Ansu Eknath to second
Pinch Hitting: RHB Tim Rea 0-0: Called Strike
0-1: Ball
1-1: SINGLE (Line Drive, 56, EV 105.0 MPH)
Jamal Amador scores
Ansu Eknath to third
Julien Joubert to second
Runner from 3rd tries for Home, SAFE, throw by LF to home
Pitching: RHP Abraham Taylor
Batting: RHB Mark Lynch 0-0: Ball
1-0: Swinging Strike
1-1: Foul Ball, location: 2F
1-2: Strikes out swinging
Bottom of the 7th over - 5 runs, 4 hits, 0 errors, 2 left on base; Owen Sound 4 - Thunder Bay 7
TOP OF THE 8TH
Owen Sound Waveriders batting - Pitching for Thunder Bay Caribou : RHP Robin Bates
Pitching: RHP Dustin Hennequin
Now at 3B: Tim Rea
Now in CF: Elton Anderson
Batting: LHB Freddy Leggett 0-0: Ball
1-0: Foul Ball, location: 3DF
1-1: Fly out, F9 (Flyball, 9, EV 78.1 MPH)
Batting: LHB Mark Matchim 0-0: Ball
1-0: Foul Ball, location: 3FF
1-1: Ball
2-1: Fly out, F7 (Flyball, 78D, EV 90.0 MPH)
Pinch Hitting: LHB Josselin Leroy 0-0: Called Strike
0-1: Ball
1-1: Ball
2-1: Ground out 5-3 (Groundball, 56S, EV 66.9 MPH)
Top of the 8th over - 0 runs, 0 hits, 0 errors, 0 left on base; Owen Sound 4 - Thunder Bay 7
BOTTOM OF THE 8TH
Thunder Bay Caribou batting - Pitching for Owen Sound Waveriders : RHP Abraham Taylor
Now at 2B: Steven Key
Batting: LHB Elton Anderson 0-0: Foul Ball, location: 7LSF
0-1: Ball
1-1: Fly out, F9 (Line Drive, 9, EV 88.1 MPH)
Batting: RHB Erik Pryor 0-0: Ball
1-0: Foul Ball, location: 23F
1-1: Called Strike
1-2: Ball
2-2: Ball
3-2: Base on Balls
Batting: RHB Gustavo Gómez 0-0: Ball
1-0: Ball
2-0: SINGLE (Groundball, 4MD, EV 101.9 MPH)
Erik Pryor to second
Batting: LHB Jamal Amador 0-0: Ball
1-0: Ball
2-0: Ball
3-0: Called Strike
3-1: Foul Ball, location: 3F
3-2: Base on Balls
Erik Pryor to third
Gustavo Gómez to second
Pinch Hitting: LHB Sean White 0-0: Called Strike
0-1: Called Strike
0-2: Ball
1-2: Fly out, F8 (Line Drive, 8RM, EV 95.6 MPH)
Runner from 3rd tags up, SCORES, no throw by CF
Batting: RHB Ansu Eknath 0-0: Called Strike
0-1: Fly out, F8 (Flyball, 8LXD, EV 101.3 MPH)
Bottom of the 8th over - 1 run, 1 hit, 0 errors, 2 left on base; Owen Sound 4 - Thunder Bay 8
TOP OF THE 9TH
Owen Sound Waveriders batting - Pitching for Thunder Bay Caribou : RHP Dustin Hennequin
Pitching: RHP Dorian May
Batting: LHB Guo-quiang Lee 0-0: Ball
1-0: Ball
2-0: Ground out 4-3 (Groundball, 4, EV 78.1 MPH)
Pinch Hitting: RHB Zhao-ji Fang 0-0: Ground out 6-3 (Groundball, P, EV 91.9 MPH)
Batting: LHB Patrick Conner 0-0: Ball
1-0: Swinging Strike
1-1: Ball
2-1: Ball
3-1: Swinging Strike
3-2: Strikes out swinging
Top of the 9th over - 0 runs, 0 hits, 0 errors, 0 left on base; Owen Sound 4 - Thunder Bay 8
Friday, May 3rd , 2024 - OOTP Baseball 24.10 Build 82